 Dungeon Crawl Stone Soup version 0.31-a0-848-gaac375c287 (webtiles) character file.

Game seed: 2018682587349602348

6822 IdlyInterested the Fighter (level 10, -9/83 HPs)
             Began as a Demonspawn Wanderer on Oct 4, 2023.
             Mangled by a wyvern (19 damage)
             ... on level 9 of the Dungeon.
             The game lasted 00:30:19 (9412 turns).

IdlyInterested the Fighter (Demonspawn Wanderer)    Turns: 9412, Time: 00:30:19

Health: -9/83      AC:  2    Str: 13    XL:     10   Next: 77%
Magic:  10/10      EV: 17    Int: 18    God:
Gold:   661        SH:  4    Dex: 10    Spells: 9/9 levels left

rFire   + . .        E - +11 spear of Ravage {venom, rElec rC+ Dex-4}
rCold   + . .        (no shield)
rNeg    + . .        u - +0 troll leather armour
rPois   .            (helmet restricted)
rElec   +            W - +0 cloak
rCorr   .            (no gloves)
SInv    .            (no boots)
Will    .....        M - amulet of the acrobat
Stlth   +            v - +5 ring of evasion
HPRegen 1.13/turn    a - ring of the Republic {rF+ rN+ Slay+3 Stlth-}
MPRegen 0.12/turn

%: acrobat
@: corroded
A: claws 2, sharp scales 2, condensation shield, hooves 1, horns 1, clever 1,
sturdy frame 1
a: no special abilities


You were on level 9 of the Dungeon.
You visited 2 branches of the dungeon, and saw 10 of its levels.

You collected 661 gold pieces.

Inventory:

Hand Weapons
 p - a +4 trident of draining
 z - a +2 hand axe of electrocution
 A - a +0 trident
 E - the +11 spear of Ravage (weapon) {venom, rElec rC+ Dex-4}
   (You found it on level 4 of the Dungeon)

   Dex-4:     It affects your dexterity (-4).
   rC+:       It protects you from cold.
   rElec:     It insulates you from electricity.
Missiles
 b - a curare-tipped dart
 h - 50 stones (quivered)
 x - a throwing net
 y - 3 javelins
 F - 4 boomerangs
Armour
 i - a +0 plate armour
 k - a +0 scale mail
 n - a +0 pair of boots
 u - a +0 troll leather armour (worn)
 K - a +1 robe of cold resistance
 Q - a +0 helmet
 U - an orb of energy
 W - a +0 cloak (worn)
Jewellery
 a - the ring of the Republic (right claw) {rF+ rN+ Slay+3 Stlth-}
   (You found it on level 8 of the Dungeon)

   [ring of positive energy]

   Slay+3:    It affects your accuracy & damage with ranged weapons and melee
   (+3).
   rF+:       It protects you from fire.
   rN+:       It protects you from negative energy.
   Stlth-:    It makes you less stealthy.
 e - an amulet of magic regeneration
 l - a ring of ice
 r - a ring of wizardry
 v - a +5 ring of evasion (left claw)
 G - a ring of protection from cold
 M - an amulet of the acrobat (around neck)
Wands
 q - a wand of acid (12)
 T - a wand of iceblast (20)
 X - a wand of polymorph (5)
Scrolls
 c - 2 scrolls of enchant weapon
 d - a scroll of fear
 g - 4 scrolls of fog
 j - 2 scrolls of immolation
 m - 2 scrolls of amnesia
 s - 5 scrolls of teleportation
 t - a scroll of blinking
 B - 2 scrolls of poison {unknown}
 C - a scroll of silence {unknown}
 J - a scroll of brand weapon {unknown}
Potions
 f - a potion of degeneration {unknown}
 o - a potion of might {unknown}
 w - a potion of ambrosia {unknown}
 D - 3 potions of curing
 H - 2 potions of lignification {unknown}
 I - a potion of attraction
 L - a potion of magic {unknown}
 N - a potion of cancellation {unknown}
 O - a potion of mutation
 R - a potion of brilliance
 S - a potion of enlightenment {unknown}


   Skills:
 + Level 9.4 Fighting
 - Level 1.0 Polearms
 - Level 8.0 Throwing
 - Level 3.0 Armour
 - Level 3.0 Dodging
 - Level 3.0 Stealth
 - Level 8.0 Unarmed Combat
 - Level 3.0 Evocations
 * Level 4.3 Shapeshifting


You had 9 spell levels left.
You didn't know any spells.
Your spell library contained the following spells:

 Spells                   Type           Power      Damage    Failure   Level
 Summon Small Mammal      Summ           0%         N/A       22%         1
 Blink                    Tloc           0%         N/A       34%         2
 Lesser Beckoning         Tloc           0%         N/A       34%         2
 Momentum Strike          Conj/Tloc      0%         3d8       34%         2
 Call Canine Familiar     Summ           0%         N/A       56%         3
 Summon Guardian Golem    Hex/Summ       0%         N/A       56%         3


Dungeon Overview and Level Annotations

Branches:
Dungeon (9/15)             Temple (1/1) D:6
   Lair: D:8-11         Orc: D:9-12

Altars:
Ashenzari
Dithmenos
Fedhas
Gozag
Hepliaklqana
Kikubaaqudgha
Makhleb
Nemelex Xobeh
Okawaru
Ru
Sif Muna
Uskayaw
Vehumet
Wu Jian
Xom
Yredelemnul


Innate Abilities, Weirdness & Mutations

You have very sharp fingernails.
You are mostly covered in razor-sharp scales. (AC +2, Slay +2)
A meltable shield of frost defends you. (SH +4)
You have large cloven feet.
You have a pair of small horns on your head.
Your mind is acute. (Int +4, Str/Dex -1)
Your movements are slightly less encumbered by armour. (ER -2)


Message History

You hear an angry hiss.
You hear a bellow! x2
You hit the acid dragon but do no damage.
You headbutt the acid dragon, but do no damage.
The acid dragon is severely wounded.
The acid dragon closely misses you. The acid dragon barely misses you.
You hit the acid dragon.
The acid dragon is poisoned.
Your headbutt misses the acid dragon.
The acid dragon is severely wounded.
A wyvern comes into view.
The acid dragon bites you!
* * * LOW HITPOINT WARNING * * *
The acid dragon claws you.
* * * LOW HITPOINT WARNING * * *
Okay, then.
You hit the acid dragon.
You kill the acid dragon!
The acid dragon scales are intact enough to wear.
The bullfrog hits you.
* * * LOW HITPOINT WARNING * * *
The bullfrog attacks as it pursues you! The bullfrog barely misses you.
The bullfrog attacks as it pursues you! The bullfrog completely misses you.
The bullfrog closely misses you.
You puncture the bullfrog! You kick the bullfrog.
The bullfrog is severely wounded.
The bullfrog completely misses you.
You hit the bullfrog.
The bullfrog is almost dead.
You feel a little less clever now. The bullfrog hits you.
* * * LOW HITPOINT WARNING * * *
The bullfrog misses you.
Reach: E) +11 spear of Ravage {venom, rElec rC+ Dex-4}
Press: ? - help, Dir - move target, f - wyvern
Aim: a wyvern (about 25% to evade the +11 spear of Ravage)
The bullfrog is in the way.
You puncture the bullfrog!
You kill the bullfrog!
The wyvern bites you!
* * * LOW HITPOINT WARNING * * *
You barely miss the wyvern. Your kick misses the wyvern. The wyvern bites you!!
You die...

##.....
#...# ...
###.# #
#.# #.#
#.# #.#
#.# #.#
#@#
###.####l#
.....l[..#
###.######


You could see a wyvern.

Vanquished Creatures
  Joseph (D:7)
  Jeremiah (D:7)
  An ice devil (D:9)
  A troll (D:8)
  A wraith (D:9)
  Sigmund (D:2)
  12 yaks
  Menkaure (D:7)
  2 steam dragons
  An acid dragon (D:9)
  5 water moccasins
  Duvessa (D:5)
  A black bear (D:5)
  2 sky beasts (D:7)
  2 ogres
  The ghost of GreenGuy14 the Changeling, an amateur DrSh (D:3)
  2 centaurs
  2 phantoms
  3 bullfrogs
  A scorpion (D:7)
  A gnoll sergeant (D:8)
  5 wights (D:8)
  Dowan (D:5)
  A killer bee (D:9)
  A howler monkey (D:5)
  2 hounds
  A jelly (D:5)
  4 orc priests
  A sleepcap (D:5)
  5 iguanas
  Natasha (thrice) (D:3)
  12 orc wizards
  13 gnolls
  8 adders
  A shadow imp (D:6)
  2 white imps
  2 worms
  3 dart slugs
  32 orcs
  5 ball pythons
  9 endoplasms
  5 giant cockroaches
  6 hobgoblins
  6 kobolds
  3 quokkas
  8 bats
  5 frilled lizards
  11 goblins
  4 rats
202 creatures vanquished.

Notes
Turn   | Place    | Note
-------+----------+-------------------------------------------
     0 | D:1      | IdlyInterested the Demonspawn Wanderer began the quest for
                  | the Orb.
     0 | D:1      | IdlyInterested set off with the following items: a +3
                  | dagger, 3 curare-tipped darts, a +0 spear, a scroll of
                  | fear, a +0 robe.
     0 | D:1      | Reached XP level 1. HP: 19/19 MP: 1/1
    98 | D:1      | Reached skill level 1 in Armour
   172 | D:1      | Gained mutation: You are partially covered in razor-sharp
                  | scales. (AC +1, Slay +1) [demonic ancestry]
   172 | D:1      | Reached XP level 2. HP: 25/25 MP: 2/2
   369 | D:1      | Reached skill level 1 in Dodging
   454 | D:1      | Reached XP level 3. HP: 31/31 MP: 3/3
   514 | D:1      | Reached skill level 1 in Stealth
  1187 | D:2      | Noticed Sigmund
  1207 | D:2      | Killed Sigmund
  1208 | D:2      | Reached skill level 6 in Fighting
  1208 | D:2      | Reached skill level 1 in Evocations
  1208 | D:2      | Reached XP level 4. HP: 38/40 MP: 4/4
  1208 | D:2      | Gained mutation: You have sharp fingernails. [demonic
                  | ancestry]
  1208 | D:2      | Reached XP level 5. HP: 44/46 MP: 5/5
  1849 | D:2      | Reached skill level 1 in Unarmed Combat
  2016 | D:2      | Reached skill level 5 in Throwing
  2016 | D:2      | Reached XP level 6. HP: 52/52 MP: 6/6
  2824 | D:3      | Noticed Natasha
  2836 | D:3      | Killed Natasha
  3139 | D:3      | Found a runed translucent gate.
  3139 | D:3      | Found a runed translucent gate.
  3139 | D:3      | Found a runed translucent gate.
  3141 | D:3      | Found an opulent altar of Gozag.
  3147 | D:3      | Found an opulent altar of Gozag.
  3368 | D:3      | Noticed Natasha
  3376 | D:3      | Killed Natasha
  3552 | D:3      | Noticed GreenGuy14's ghost (amateur DrSh)
  3602 | D:3      | Gained mutation: You have very sharp fingernails. [demonic
                  | ancestry]
  3602 | D:3      | Reached XP level 7. HP: 22/58 MP: 7/7
  3626 | D:3      | Killed GreenGuy14's ghost
  3808 | D:3      | Noticed Natasha
  3816 | D:3      | Killed Natasha
  3863 | D:4      | Identified the +11 spear of Ravage {venom, rElec rC+ Dex-4}
  4571 | D:5      | Entered Level 5 of the Dungeon
  4627 | D:5      | Noticed Duvessa
  4627 | D:5      | Noticed Dowan
  4634 | D:5      | Reached XP level 8. HP: 55/64 MP: 8/8
  4638 | D:5      | Killed Dowan
  4640 | D:5      | Killed Duvessa
  4805 | D:5      | Found an iron altar of Okawaru.
  5749 | D:6      | Reached skill level 5 in Unarmed Combat
  5888 | D:6      | Gained mutation: Your mind is acute. (Int +4, Str/Dex -1)
                  | [potion of mutation]
  5888 | D:6      | Gained mutation: Your movements are slightly less
                  | encumbered by armour. (ER -2) [potion of mutation]
  5888 | D:6      | Gained mutation: You have large cloven feet. [potion of
                  | mutation]
  5888 | D:6      | Gained mutation: You have a pair of small horns on your
                  | head. [potion of mutation]
  6006 | D:6      | Found a staircase to the Ecumenical Temple.
  6015 | Temple   | Entered the Ecumenical Temple
  6654 | D:7      | Noticed Jeremiah
  6662 | D:7      | Killed Jeremiah
  6663 | D:7      | Reached skill level 7 in Fighting
  6663 | D:7      | Gained mutation: You are mostly covered in razor-sharp
                  | scales. (AC +2, Slay +2) [demonic ancestry]
  6663 | D:7      | Reached XP level 9. HP: 72/72 MP: 9/9
  6670 | D:7      | Noticed Joseph
  6685 | D:7      | Killed Joseph
  6822 | D:7      | Reached skill level 1 in Shapeshifting
  6852 | D:7      | Noticed Menkaure
  6861 | D:7      | Killed Menkaure
  6862 | D:7      | Reached skill level 8 in Fighting
  7187 | D:7      | Found a shadowy altar of Dithmenos.
  7225 | D:7      | Gained mutation: A meltable shield of frost defends you.
                  | (SH +4) [demonic ancestry]
  7225 | D:7      | Reached XP level 10. HP: 80/80 MP: 10/10
  7901 | D:8      | Identified the ring of the Republic {rF+ rN+ Slay+3 Stlth-}
  9296 | D:9      | Reached skill level 9 in Fighting
  9412 | D:9      | Mangled by a wyvern

Illustrated notes

Levels and vault maps discovered:
D:1:      saegor_arrival_simple_e, layout_basic, minmay_vboxes
D:2:      layout_basic, minivault_11, minmay_pentomino_t2, uniq_sigmund
D:3:      layout_basic, mainiacjoe_overflow_catwalk, ebering_ghost_gozag,
          uniq_natasha
D:4:      layout_loops_ring, kennysheep_generic_room_12
D:5:      layout_gridville, okawaru_metal_pillars_1_2, uniq_duvessa
D:6:      layout_gridville, minmay_temple_entry_wispy
D:7:      layout_basic, mainiacjoe_overflow_tiny_flanked, uniq_joseph,
          uniq_jeremiah, uniq_menkaure
D:8:      layout_layer_cave, glass_columns_b
D:9:      layout_loops_ring, david_lair_shrubbed, serial_demonic,
          serial_demonic_f, serial_demonic_g, serial_demonic_a,
          serial_demonic_a, gammafunk_ghost_grave, uniq_psyche
Temple:   nicolae_temple_great_sept

Skill      XL: |  1  2  3  4  5  6  7  8  9 10 |
---------------+-------------------------------+-----
Armour         | 1 2 3 |  3.0
Dodging        | 1 2 3 |  3.0
Stealth        | 1 2 3 |  3.0
Fighting       | 6 7 8 9 |  9.4
Evocations     | 1 2 3 |  3.0
Unarmed Combat | 1 2 3 6 8 |  8.0
Throwing       | 5 6 7 8 |  8.0
Shapeshifting  | 4 |  4.3
Polearms       | |  1.0

Action                     |  1- 3 |  4- 6 |  7- 9 | 10-12 || total
---------------------------+-------+-------+-------+-------++-------
  Melee: Dagger            |    84 |    36 |       |       ||   120
         Punch             |     1 |     1 |     9 |     8 ||    19
         Whip              |       |   178 |    11 |       ||   189
         Spear             |       |       |   193 |   122 ||   315
         Unarmed           |       |       |    17 |       ||    17
         Kick              |       |       |    20 |    37 ||    57
         Headbutt          |       |       |    19 |    21 ||    40
  Throw: Dart              |     1 |       |     1 |       ||     2
         Stone             |       |       |    11 |     9 ||    20
    Use: Scroll            |     1 |     2 |     5 |       ||     8
         Potion            |     1 |     1 |     8 |     1 ||    11
   Stab: Sleeping          |       |       |     4 |       ||     4
 Armour: Robe              |    16 |       |    69 |     1 ||    86
         Scale mail        |    32 |   149 |    43 |    24 ||   248
         Troll leather arm |       |       |       |    23 ||    23
  Dodge: Dodged            |    25 |   196 |   150 |    62 ||   433
  Block: Other             |       |       |       |    12 ||    12

Table legend: (Time is in decaauts)
 A = Elapsed time spent in this place.
 B = Non-inter-level travel time spent in this place.
 C = Inter-level travel time spent in this place.
 D = Time resting spent in this place.
 E = Time spent auto-exploring this place.
 F = Levels seen in this place.
 G = Mean time per level.
                   A        B        C        D        E       F      G
               +--------+--------+--------+--------+--------+-----+--------+
         Total |   9446 |   8306 |   1140 |    840 |   5385 |  10 |  944.6 |
       Dungeon |   9434 |   8294 |   1140 |    840 |   5385 |   9 | 1048.2 |
        Temple |     11 |     11 |      0 |      0 |      0 |   1 |   11.0 |
               +--------+--------+--------+--------+--------+-----+--------+

Top non-repeatable levels by time:
     D:8: 1433 daAuts
     D:3: 1375 daAuts
     D:2: 1358 daAuts
     D:5: 1193 daAuts
     D:1: 1164 daAuts
     D:7: 1123 daAuts
     D:6: 866 daAuts
     D:4: 791 daAuts
     D:9: 127 daAuts
  Temple: 11 daAuts
